 Dungeon Crawl Stone Soup version 0.24.0-13-gcf9b319 (webtiles) character file.

Game seed: 3224718968937509924, levelgen mode: deterministic

980 silenth the Chopper (level 8, -9/57 HPs)
             Began as an Octopode Fighter on Mar 6, 2020.
             Was an Initiate of Ru.
             Mangled by an ogre
             ... wielding a +0 giant spiked club
              (33 damage)
             ... on level 5 of the Dungeon.
             The game lasted 00:07:21 (6324 turns).

silenth the Chopper (Octopode Fighter)              Turns: 6324, Time: 00:07:22

Health: -9/57      AC:  1    Str: 16    XL:     8   Next: 17%
Magic:  9/9        EV: 11    Int: 11    God:    Ru [......]
Gold:   267        SH:  8    Dex: 12    Spells: 7/7 levels left

rFire    . . .     SeeInvis .   a - +0 war axe
rCold    . . .     Gourm    .   b - +0 shield
rNeg     + . .     Faith    .   (helmet restricted)
rPois    .         Spirit   .   (no amulet)
rElec    .         Reflect  .   m - ring of positive energy
rCorr    .         Harm     .   (no ring)
MR       .....                  (no ring)
Stlth    ++........             (no ring)
HPRegen  0.19/turn              (no ring)
MPRegen  0.11/turn              (no ring)
                                (no ring)
                                (no ring)

@: no status effects
A: almost no armour, stealthy swim, amphibious, 8 rings, constrict 8, camouflage
1, gelatinous body 1
a: Renounce Religion


You were on level 5 of the Dungeon.
You worshipped Ru.
Ru was noncommittal.
You were not hungry.

You visited 2 branches of the dungeon, and saw 6 of its levels.

You collected 267 gold pieces.

Inventory:

Hand Weapons
 a - a +0 war axe (weapon)
Missiles
 l - 9 poisoned darts (quivered)
Armour
 b - a +0 shield (worn)
Jewellery
 m - a ring of positive energy (left tentacle)
Wands
 i - a wand of iceblast (10)
Scrolls
 c - a scroll of fog
Potions
 d - a potion of berserk rage
 g - a potion of cancellation
 h - a potion of agility
 j - 2 potions of flight {unknown}
 k - 2 potions of curing
 o - a potion of resistance
Comestibles
 e - 7 rations


   Skills:
 + Level 6.0 Fighting
 * Level 7.6 Axes
 - Level 3.0 Dodging
 - Level 3.0 Shields
 + Level 1.6 Evocations


You had 7 spell levels left.
You didn't know any spells.
Your spell library contained the following spells:

 Spells                   Type           Power        Failure   Level  Hunger
 Magic Dart               Conj           #...         86%         1    ##.....
 Blink                    Tloc           N/A          94%         2    ###....
 Call Imp                 Summ           #.......     94%         2    ###....
 Slow                     Hex            #.......     94%         2    ###....
 Conjure Flame            Conj/Fire      #.......     99%         3    ####...
 Mephitic Cloud           Conj/Pois/Air  #.......     99%         3    ####...


Dungeon Overview and Level Annotations

Branches:
Dungeon (5/15)             Temple (1/1) D:4

Altars:
Ashenzari
Cheibriados
Elyvilon
Fedhas
Gozag
Nemelex Xobeh
Ru
Trog
Wu Jian
Xom
Yredelemnul
The Shining One


Innate Abilities, Weirdness & Mutations

You cannot wear most types of armour.
You are very stealthy in the water. (Stealth+)
You are amphibious.
You can wear up to eight rings at the same time.
You can use your tentacles to constrict eight enemies at once.
Your skin changes colour to match your surroundings (Stealth+).
Your rubbery body absorbs attacks. (AC +1, EV +1)


Message History

Found a notched granite ring.
Evoke which item? (* to show all) (? for menu, Esc to quit)
Okay, then.
Found a scale mail.
The ogre shouts!
Evoke which item? (* to show all) (? for menu, Esc to quit)
Aiming: Iceblast
Press: ? - help, Shift-Dir - straight line, f - ogre
Aim: an ogre, wielding a +0 giant spiked club The mass of ice explodes!
The iceblast engulfs the ogre!
The ogre is severely wounded.
You hear a shout!
You hit the ogre.
The ogre is severely wounded.
The ogre hits you with a +0 giant spiked club!
You hit the ogre but do no damage. You squeeze the ogre, but do no damage.
The ogre is severely wounded.
The ogre hits you with a +0 giant spiked club!!
Ouch! That really hurt!
You die...

# #..#...#...#.#.####.#
##.#..#...#...#..<....#
#.....'#######'.#.####.#
...#......###....#.#####.
#....##.#....#..........
##.#.##.#.##...##.######
# #......###.# #>#
#.####.......# #.#
##.....@......# #.#
.......O####### #<#
#######.# #.........#
#.....#>#####.#.# #...<[#
#..... ......... ..# ##.
^.#=....### #.. #
##.#.....# ..# # ###.###
.##


You could see an ogre.

Vanquished Creatures
  An ice beast (D:5)
  A phantom (D:3)
  An ogre (D:5)
  A crimson imp (D:5)
  A hound (D:5)
  An orc priest (D:4)
  An iguana (D:4)
  4 orc wizards
  3 worker ants (D:4)
  18 gnolls
  7 adders
  A howler monkey skeleton (D:4)
  4 oozes
  An adder skeleton (D:4)
  8 worms
  3 dart slugs
  5 leopard geckos
  13 orcs
  10 bats
  4 giant cockroaches
  9 goblins
  10 hobgoblins
  3 jackals (D:3)
  4 quokkas
  A ball python (D:4)
  7 frilled lizards
  A jackal skeleton (D:4)
  5 kobolds
  7 rats
135 creatures vanquished.

Notes
Turn   | Place    | Note
-------+----------+-------------------------------------------
     0 | D:1      | silenth the Octopode Fighter began the quest for the Orb.
     0 | D:1      | Reached XP level 1. HP: 16/16 MP: 1/1
   157 | D:1      | Reached XP level 2. HP: 21/21 MP: 2/2
   320 | D:1      | Reached skill level 3 in Axes
   365 | D:1      | Reached XP level 3. HP: 26/26 MP: 3/3
   880 | D:2      | You fall into a shaft and drop 2 floors!
   900 | D:4      | Reached XP level 4. HP: 31/33 MP: 4/4
  1081 | D:4      | Reached skill level 4 in Axes
  1099 | D:3      | Reached skill level 4 in Fighting
  1099 | D:3      | Reached XP level 5. HP: 20/37 MP: 5/5
  1442 | D:2      | HP: 3/37 [gnoll/stone (5)]
  1460 | D:2      | HP: 2/37 [hobgoblin/+0 club (3)]
  2677 | D:3      | Reached skill level 5 in Axes
  2737 | D:3      | Reached XP level 6. HP: 44/44 MP: 6/6
  2747 | D:3      | Noticed a phantom
  3503 | D:3      | Killed a phantom
  4042 | D:4      | Found a staircase to the Ecumenical Temple.
  4075 | Temple   | Entered the Ecumenical Temple
  4421 | D:4      | Reached skill level 5 in Fighting
  4421 | D:4      | Reached skill level 6 in Axes
  4421 | D:4      | Reached XP level 7. HP: 46/50 MP: 7/7
  5618 | D:5      | Entered Level 5 of the Dungeon
  5734 | D:5      | Reached skill level 7 in Axes
  5823 | D:5      | Found a sacrificial altar of Ru.
  5834 | D:5      | Reached skill level 1 in Evocations
  5834 | D:5      | Reached XP level 8. HP: 27/57 MP: 8/8
  6299 | D:5      | Reached skill level 6 in Fighting
  6304 | D:5      | Became a worshipper of Ru the Awakened
  6324 | D:5      | Mangled by an ogre

Levels and vault maps discovered:
D:1:      elethiomel_arrival_maze, layout_basic, minmay_misc_feat_square,
          minmay_domino_2
D:2:      layout_loops_corners, first_ration
D:3:      layout_basic
D:4:      layout_loops_corners, temple_green
D:5:      layout_loops_ring, nicolae_ru_great_annihilating_truth,
          dancing_weapons_uskayaw, gammafunk_ghost_smash
Temple:   minmay_temple_curvy_loop

Skill      XL: |  1  2  3  4  5  6  7  8 |
---------------+-------------------------+-----
Axes           | 3 4 5 6 7 |  7.6
Fighting       | 4 5 6 |  6.0
Evocations     | 1 |  1.6
Dodging        | |  3.0
Shields        | |  3.0

Action                   |  1- 3 |  4- 6 |  7- 9 || total
-------------------------+-------+-------+-------++-------
Melee: War axe           |    49 |   138 |    89 ||   276
       Constrict         |    13 |    36 |    25 ||    74
       Tentacles         |    10 |    25 |    22 ||    57
Throw: Dart              |       |       |     1 ||     1
Evoke: Wand              |       |       |     1 ||     1
  Use: Potion            |       |     2 |       ||     2
       Scroll            |       |     9 |     2 ||    11
 Stab: Sleeping          |     9 |     5 |     2 ||    16
       Paralysed         |       |       |     1 ||     1
  Eat: Chunk             |       |     4 |     3 ||     7
       Ration            |       |     2 |     1 ||     3
Armor: Skin              |     3 |     4 |     1 ||     8
Dodge: Dodged            |    17 |    57 |    38 ||   112
Block: Shield            |    16 |    78 |    28 ||   122
